 Dungeon Sprint DCSS version 0.30-a0-920-g7493c07aab (webtiles) character file.

Game seed: 3349393228696910515

52 dialectric the Covert (level 3, 0/27 HPs)
             Began as a Spriggan Brigand on Mar 21, 2023.
             Slain by a scorpion (5 damage)
             ... in the Dungeon (Sprint II: "The Violet Keep of Menkaure").
             The game lasted 00:00:18 (14 turns).

dialectric the Covert (Spriggan Brigand)              Turns: 14, Time: 00:00:20

Health: 0/27       AC:  3    Str:  7    XL:     3   Next: 60%
Magic:  4/4        EV: 16    Int: 12    God:
Gold:   0          SH:  0    Dex: 18    Spells: 2/2 levels left

rFire   . . .      SeeInvis +    a - +2 dagger
rCold   . . .      Faith    .    (no shield)
rNeg    . . .      Spirit   .    b - +0 robe
rPois   .          Reflect  .    (helmet restricted)
rElec   .          Rampage  .    c - +0 cloak
rCorr   .          NoTele   +    (gloves unavailable)
Will    .....                    (boots unavailable) Stlth
                                 (no amulet)
HPRegen 0.24/turn                (no ring)
MPRegen 0.09/turn                (no ring)

@: berserking, lethally poisoned (0 -> -11), very quick
A: very small, no large weapons, unfitting armour, see invisible, speed 3
a: no special abilities


You were in the Dungeon.
You visited 1 branch

Inventory:

Hand Weapons
 a - a +2 dagger (weapon)
Missiles
 d - 9 poisoned darts (quivered)
 e - 3 curare-tipped darts
Armour
 b - a +0 robe (worn)
 c - a +0 cloak (worn)
Scrolls
 k - a scroll of blinking
Potions
 f - a potion of curing
 g - a potion of heal wounds
 h - a potion of haste
 i - 2 potions of magic


   Skills:
 + Level 2.2 Fighting
 + Level 3.4 Short Blades
 - Level 2.8 Throwing
 + Level 1.6 Dodging
 + Level 11.0 Stealth


You had 2 spell levels left.
You didn't know any spells.
Your spell library was empty.

Dungeon Overview and Level Annotations

Branches:
Dungeon (1/1)

Altars:


Innate Abilities, Weirdness & Mutations

You are very small and have problems with some larger weapons.
You are too small for most types of armour.
You have supernaturally acute eyesight. (SInv)
You cover ground extremely quickly. (Speed+++)


Message History

A merfolk siren comes into view. It is wielding a +0 spear.
You close the door.
You open the door. 4 scorpions come into view.
There is an open door here.
Found 243 gold pieces.
The helpless scorpion fails to defend itself.
You impale the scorpion!!
You kill the scorpion!
The scorpion closely misses you.
Your Fighting skill increases to level 2!
Your Short Blades skill increases to level 3!
Your Stealth skill gained 6 levels and is now at level 11!
You have reached level 2!
You have reached level 3!
Your experience leads to an increase in your attributes!
Increase (S)trength, (I)ntelligence, or (D)exterity?
You feel agile. x2
Unknown command.
Okay, then.
A red film seems to cover your vision as you go berserk!
You feel yourself moving faster!
You feel mighty! The scorpion stings you!
You are poisoned.
The scorpion poisons you! The scorpion stings you. x3
You are lethally poisoned!
The scorpion poisons you!
You puncture the scorpion!
The scorpion is heavily wounded.
You feel very sick.
You closely miss the scorpion.
The scorpion is heavily wounded.
* * * LOW HITPOINT WARNING * * *
You feel sick. The scorpion misses you. The scorpion barely misses you.
You hit the scorpion.
The scorpion is severely wounded.
* * * LOW HITPOINT WARNING * * *
You feel sick. The scorpion stings you.
* * * LOW HITPOINT WARNING * * *
The scorpion stings you.
You die...

## ## ##. .##
..#m. # ...
## ##.
#+###.#
#.B.##.##@s#
#+.<.s##$+
#.B$##.##..##
##. #+# #s# #
##


You could see 2 scorpions.

Vanquished Creatures
  A scorpion (D)
1 creature vanquished.

Notes
Turn   | Place    | Note
-------+----------+-------------------------------------------
     0 | D        | dialectric the Spriggan Brigand began the quest for the
                  | Orb.
     0 | D        | Reached XP level 1. HP: 10/10 MP: 2/2
     1 | D        | Noticed a boulder beetle
     1 | D        | Noticed a boulder beetle
     4 | D        | Noticed a merfolk siren
     7 | D        | Noticed a scorpion
     7 | D        | Noticed a scorpion
     7 | D        | Noticed a scorpion
     7 | D        | Noticed a scorpion
    10 | D        | Killed a scorpion
    11 | D        | Reached skill level 11 in Stealth
    11 | D        | Reached XP level 2. HP: 15/15 MP: 3/3
    11 | D        | Reached XP level 3. HP: 18/18 MP: 4/4
    14 | D        | Slain by a scorpion

Illustrated notes

Levels and vault maps discovered:
D:        the_violet_keep_of_menkaure [sprint2_stairs_cluster_1,
          sprint2_shoproom, sprint2_temple, sprint2_basic_supplies,
          sprint2_obstacle_3, sprint2_obstacle_4, sprint2_obstacle_6,
          sprint2_obstacle_2, sprint2_obstacle_1, sprint2_timed_cluster_1,
          sprint2_smallroom_cluster_1, sprint2_smallroom_final_cluster_1,
          sprint2_transparent_cluster_1, sprint2_second_timed_cluster_1,
          sprint2_sniper_area_1, sprint2_heavy_combat_area_1,
          sprint2_mutation_trap_area_1, sprint2_forest_area_1,
          sprint2_light_combat_area_1, sprint2_behind_water_1,
          sprint2_near_end_vault_1]

Skill      XL: |  1 |
---------------+----+-----
Fighting       | 2 |  2.2
Short Blades   | 3 |  3.4
Stealth        | 11 | 11.0
Throwing       | |  2.8
Dodging        | |  1.6

Action                     || total
---------------------------++-------
  Melee: Dagger            ||     4
    Use: Potion            ||     1
   Stab: Sleeping          ||     1
  Dodge: Dodged            ||     3

Table legend: (Time is in decaauts)
 A = Elapsed time spent in this place.
 B = Non-inter-level travel time spent in this place.
 C = Inter-level travel time spent in this place.
 D = Time resting spent in this place.
 E = Time spent auto-exploring this place.
 F = Levels seen in this place.
 G = Mean time per level.
                   A        B        C        D        E       F      G
               +--------+--------+--------+--------+--------+-----+--------+
         Total |     10 |     10 |      0 |      0 |      0 |   1 |   10.0 |
       Dungeon |     10 |     10 |      0 |      0 |      0 |   1 |   10.0 |
               +--------+--------+--------+--------+--------+-----+--------+

Top non-repeatable levels by time:
       D: 10 daAuts
